 Dungeon Crawl Stone Soup version 0.27.1-3-gb3d3a73c9e (webtiles) character file.

Game seed: 12560842841360822378

46 jjjjhere the Slasher (level 3, 0/31 HPs)
             Began as a Gnoll Wanderer on Oct 9, 2021.
             Slain by an orc (3 damage)
             ... on level 1 of the Dungeon.
             The game lasted 00:04:00 (1697 turns).

jjjjhere the Slasher (Gnoll Wanderer)               Turns: 1697, Time: 00:04:00

Health: 0/31       AC:  5    Str: 13    XL:     3   Next: 68%
Magic:  7/7        EV: 11    Int: 12    God:
Gold:   24         SH:  4    Dex:  9    Spells: 7/7 levels left

rFire    . . .     SeeInvis .   a - +0 falchion
rCold    . . .     Faith    .   c - +0 buckler
rNeg     . . .     Spirit   .   b - +2 leather armour
rPois    .         Reflect  .   (no helmet)
rElec    .         Harm     .   (no cloak)
rCorr    .         Rampage  .   (no gloves)
Will     .....                  (no boots)
Stlth    +.........             (no amulet)
HPRegen  0.10/turn              (no ring)
MPRegen  0.10/turn              (no ring)

@: no status effects
A: fangs 1, strong nose, distributed training
a: no special abilities


You were on level 1 of the Dungeon.
You visited 1 branch of the dungeon, and saw 3 of its levels.

You collected 24 gold pieces.

Inventory:

Hand Weapons
 a - a +0 falchion (weapon)
 l - a +1 dagger of protection
Missiles
 d - 32 sling bullets
Armour
 b - a +2 leather armour (worn)
 c - a +0 buckler (worn)
 e - a +0 scale mail
 g - a +0 ring mail
 h - a +0 tower shield
Scrolls
 f - a scroll of magic mapping {unknown}
 i - a scroll of enchant armour {unknown}
 k - a scroll of identify {unknown}
Potions
 j - a potion of heal wounds {unknown}


   Skills:
 + Level 4.5 Fighting
 + Level 0.9 Short Blades
 + Level 4.5 Long Blades
 + Level 0.9 Axes
 + Level 0.9 Maces & Flails
 + Level 0.9 Polearms
 + Level 0.9 Staves
 + Level 0.9 Slings
 + Level 0.9 Bows
 + Level 0.9 Crossbows
 + Level 0.9 Throwing
 + Level 0.9 Armour
 + Level 2.6 Dodging
 + Level 0.9 Stealth
 + Level 2.6 Shields
 + Level 0.9 Unarmed Combat
 + Level 2.8 Spellcasting
 + Level 0.6 Conjurations
 + Level 2.1 Hexes
 + Level 0.6 Summonings
 + Level 0.6 Necromancy
 + Level 0.6 Translocations
 + Level 0.6 Transmutations
 + Level 0.6 Fire Magic
 + Level 0.6 Ice Magic
 + Level 2.1 Air Magic
 + Level 0.6 Earth Magic
 + Level 0.6 Poison Magic
 + Level 1.0 Invocations
 + Level 2.6 Evocations


You had 7 spell levels left.
You didn't know any spells.
Your spell library was empty.

Dungeon Overview and Level Annotations

Branches:
Dungeon (3/15)

Altars:


Innate Abilities, Weirdness & Mutations

You have very sharp teeth.
Your uncanny sense of smell can sniff out nearby items.
Your experience applies equally to all skills.


Message History

The orc hits you with a +0 hand axe.
The orc wizard gestures wildly while chanting.
The orc wizard flickers and vanishes!
Deactivating autopickup; reactivate with Ctrl-A.
There is a stone staircase leading up here.
You hit the orc.
The orc is almost dead.
The orc hits you with a +0 hand axe.
You hit the orc.
You kill the orc!
You slash the endoplasm!
You kill the endoplasm!
You miss something.
The orc throws a boomerang.
You hear some strange, mumbled words.
A puff of flame appears from out of thin air!
The puff of flame hits you!
You slash something! Your bite misses something.
The orc throws a boomerang.
You block the boomerang.
Something hits you but does no damage. x2
You closely miss something. Something hits you.
The adder hisses angrily.
You hit something.
You hear a shout!
You hear some strange, mumbled words.
A magic dart appears from out of thin air!
The magic dart hits you!
* * * LOW HITPOINT WARNING * * *
You climb upwards.
Reactivating autopickup.
There is a stone staircase leading down here.
Unknown command.
You closely miss the orc. The orc barely misses you.
You riposte.
You hit the orc.
The orc is almost dead.
You closely miss the orc.
The orc is almost dead.
The orc hits you with a +0 whip.
* * * LOW HITPOINT WARNING * * *
You closely miss the orc.
The orc is almost dead.
The orc hits you with a +0 whip.
You die...

######## ######## ######......#
.......# #....#......# #######
.......# #....#......# #......
.......# #....#......## #.####.
.......####............# #.# #.
..........+....o@.|....# #.# #.
.....#.####............####.# #.
.....#.......>..............# #.
........###................#####.
........# ###....................
........# #.####.........######
........# #.####.........#
.#####..## #.#............# .#
#....# #.#...........##


You could see an orc.

Vanquished Creatures
  2 adders (D:2)
  An orc (D:2)
  5 endoplasms
  A giant cockroach (D:2)
  3 goblins (D:2)
  4 hobgoblins (D:1)
  4 bats (D:1)
  4 kobolds
  2 rats (D:1)
26 creatures vanquished.

Notes
Turn   | Place    | Note
-------+----------+-------------------------------------------
     0 | D:1      | jjjjhere the Gnoll Wanderer began the quest for the Orb.
     0 | D:1      | jjjjhere set off with the following items: a +0 falchion, a
                  | +2 leather armour, a +0 buckler
     0 | D:1      | Reached XP level 1. HP: 20/20 MP: 4/4
   113 | D:1      | Reached XP level 2. HP: 15/26 MP: 5/5
  1320 | D:2      | You fall into a shaft and drop 1 floor!
  1342 | D:2      | Reached XP level 3. HP: 28/31 MP: 7/7
  1474 | D:2      | Reached skill level 1 in Invocations
  1692 | D:2      | HP: 5/31 [something/magic dart (11)]
  1697 | D:1      | Slain by an orc

Illustrated notes

Levels and vault maps discovered:
D:1:      dpeg_arrival_stonehenge_8_columns, layout_basic
D:2:      layout_loops_cross, basic_altar, minmay_split_cup_small
D:3:      layout_loops_corners, dilly_ecumenical_altar_fadedgnrine

Skill      XL: |  1  2  3 |
---------------+----------+-----
Hexes          | 2 |  2.1
Air Magic      | 2 |  2.1
Invocations    | 1 |  1.0
Fighting       | |  4.5
Short Blades   | |  0.9
Long Blades    | |  4.5
Axes           | |  0.9
Maces & Flails | |  0.9
Polearms       | |  0.9
Staves         | |  0.9
Slings         | |  0.9
Bows           | |  0.9
Crossbows      | |  0.9
Throwing       | |  0.9
Armour         | |  0.9
Dodging        | |  2.6
Stealth        | |  0.9
Shields        | |  2.6
Unarmed Combat | |  0.9
Spellcasting   | |  2.8
Conjurations   | |  0.6
Summonings     | |  0.6
Necromancy     | |  0.6
Translocations | |  0.6
Transmutations | |  0.6
Fire Magic     | |  0.6
Ice Magic      | |  0.6
Earth Magic    | |  0.6
Poison Magic   | |  0.6
Evocations     | |  2.6

Action                   || total
-------------------------++-------
Melee: Falchion          ||    84
       Bite              ||     3
Armor: Leather armour    ||    27
       Scale mail        ||     3
Dodge: Dodged            ||    46
Block: Buckler           ||    15
       Rpst.: Falchion   ||    16
